 Dungeon Crawl Stone Soup version 0.20.1-1-g8b1a95d (webtiles) character file.

8094 equalderp2856 the Cleaver (level 11, -4/95 HPs)
             Began as a Minotaur Fighter on Oct 21, 2017.
             Slain by tarantulino's ghost (5 damage)
             ... in a labyrinth.
             The game lasted 00:24:37 (10482 turns).

equalderp2856 the Cleaver (Minotaur Fighter)       Turns: 10482, Time: 00:24:38

Health: -4/95      AC: 15    Str: 20 (21) XL:     11   Next: 5%
Magic:  0/9        EV:  6    Int:  5 (6)  God:
Gold:   683        SH: 11    Dex:  9 (12) Spells: 10/10 levels left

rFire    . . .     SeeInvis .   a - +1 war axe
rCold    . . .     Gourm    .   c - +0 shield
rNeg     . . .     Faith    .   o - +0 plate armour
rPois    .         Spirit   +   (helmet restricted)
rElec    .         Reflect  .   A - scarf {Spirit}
rCorr    .         Harm     .   p - +0 pair of gloves
MR       +....                  (no boots)
Stlth    ..........             (no amulet)
Regen    0.3/turn               (no ring)
MPRegen  0.2/turn               (no ring)

@: invisible
A: retaliatory headbutt, hooves 1, horns 2, low mp 1, magic resistance 1,
subdued magic 1
a: no special abilities


You were in a labyrinth.
You were not hungry.

You visited 2 branches of the dungeon, and saw 12 of its levels.
You also visited: Labyrinth.

You collected 683 gold pieces.

Inventory:

Hand Weapons
 a - a +1 war axe (weapon)
Armour
 c - a +0 shield (worn)
 n - a +0 cloak
 o - a +0 plate armour (worn)
 p - a +0 pair of gloves (worn)
 A - a scarf of spirit shield (worn)
Jewellery
 t - a -3 ring of protection
 E - an uncursed amulet of the gourmand
 J - an uncursed amulet of magic regeneration
 N - an uncursed ring of fire
Wands
 D - a wand of enslavement (0/24)
Scrolls
 k - a scroll of noise
 m - a scroll of random uselessness
 v - 2 scrolls of immolation
 y - 5 scrolls of amnesia
Potions
 d - a potion of might
 l - 6 potions of curing
 B - a potion of mutation
 C - 2 potions of haste
 K - a potion of cancellation
Books
 I - a book of Cantrips

   Spells                             Type                      Level
   a - Confusing Touch                Hexes                        1
   b - Animate Skeleton               Necromancy                   1
   c - Summon Small Mammal            Summoning                    1
   d - Apportation                    Translocation                1
Comestibles
 f - 5 bread rations
 x - a meat ration


   Skills:
 + Level 8.8 Fighting
 + Level 12.8 Axes
 + Level 9.6 Armour
 + Level 2.9 Dodging
 + Level 1.0 Stealth
 + Level 10.3 Shields
 + Level 0.3 Evocations


You had 10 spell levels left.
You didn't know any spells.

Dungeon Overview and Level Annotations

Branches:
Dungeon (11/15)            Temple (0/1) D:7            Lair (1/6) D:11
    Orc: D:9-12

Altars:
Ashenzari

Shops:
D:6 %

Annotations:
D:9 Erolcha Lab tarantulino's ghost, novice SpEn


Innate Abilities, Weirdness & Mutations

You reflexively headbutt those who attack you in melee.
You have a pair of horns on your head.
You have large cloven feet.
Your magical capacity is low. (-10% MP)
You are resistant to hostile enchantments. (MR+)
Your spells are a little easier to cast, but a little less powerful.


Message History

You feel resistant to hostile enchantments.
Tarantulino's ghost gestures at you while chanting.
You resist with almost no effort.
Unknown command.
It was a potion of cancellation.
Your magical effects are unravelling.
You feel magically purged.
You feel less wooden.
Your scarf of spirit shield unmelds from your body.
Your +0 pair of gloves unmelds from your body.
Your +0 plate armour unmelds from your body.
You feel spirits watching over you.
You feel yourself slow down.
You feel a little less clever now.
You feel a little less agile now.
You are no longer glowing.
Unknown command.
Okay, then.
It was a potion of invisibility.
You fade into invisibility!
Tarantulino's ghost hits you!
You die...

### # #@#
#.#
#W###.## ##
### #.#..
... .. .
#.#.###.
####
#.#.#.#.#.#
#.#.#.#.# #
#...# .. .
.# ###.# .
#. ## ..#
.# . .#


You could see tarantulino's ghost.

Vanquished Creatures
  A queen bee (D:9)
  A hornet (D:8)
  2 hippogriffs (D:8)
  A water elemental (Lair:1)
  6 yaks (Lair:1)
  2 wyverns
  Grum (D:8)
  2 hungry ghosts
  A steam dragon (D:8)
  The ghost of NorthaanB the Insei, an amateur OpTm (D:4)
  Menkaure (D:6)
  6 orc warriors
  2 ice beasts
  A phantom (D:10)
  2 black bears
  A sky beast (D:10)
  6 ogres
  7 wolves
  4 centaurs
  Blork the orc (D:6)
  2 big kobolds
  7 bullfrogs
  2 scorpions
  9 killer bees
  3 wights (D:8)
  3 howler monkeys
  A bullfrog zombie (D:6)
  4 jellies
  8 hounds
  3 orc priests
  A bullfrog skeleton (D:10)
  8 orc wizards
  3 iguanas
  8 worker ants
  A worker ant zombie (D:8)
  3 gnolls (D:5)
  6 adders
  A shadow imp (D:10)
  3 oozes
  2 adder skeletons (D:4)
  2 adder zombies
  2 worms
  2 dart slugs
  3 leopard geckos
  32 orcs
  9 giant cockroaches
  5 goblins
  9 hobgoblins
  5 jackals
  A quokka (D:3)
  2 ball pythons
  6 bats
  5 frilled lizards
  31 kobolds
  A leopard gecko skeleton (D:4)
  5 rats
  17 plants (D:3)
264 creatures vanquished.

Vanquished Creatures (collateral kills)
  A killer bee (D:9)
1 creature vanquished.

Vanquished Creatures (others)
  A two-headed ogre (D:9)
1 creature vanquished.

Grand Total: 266 creatures vanquished

Notes
Turn   | Place    | Note
-------+----------+-------------------------------------------
     0 | D:1      | equalderp2856 the Minotaur Fighter began the quest for the Orb.
     0 | D:1      | Reached XP level 1. HP: 19/19 MP: 0/0
   138 | D:1      | Reached XP level 2. HP: 26/27 MP: 1/1
   355 | D:1      | Reached XP level 3. HP: 33/33 MP: 2/2
   782 | D:2      | Reached skill level 3 in Axes
  1025 | D:2      | Reached XP level 4. HP: 40/40 MP: 3/3
  1182 | D:3      | Noticed a bullfrog
  1192 | D:3      | Killed a bullfrog
  1192 | D:3      | Reached skill level 4 in Axes
  1192 | D:3      | Reached XP level 5. HP: 31/47 MP: 4/4
  2274 | D:4      | Reached skill level 5 in Fighting
  2274 | D:4      | Reached skill level 5 in Axes
  2317 | D:4      | Noticed NorthaanB's ghost (amateur OpTm)
  2334 | D:4      | Reached XP level 6. HP: 53/56 MP: 5/5
  2641 | D:4      | Killed NorthaanB's ghost
  2641 | D:4      | Reached skill level 5 in Shields
  2736 | D:4      | Reached skill level 6 in Axes
  2929 | D:5      | Entered Level 5 of the Dungeon
  3032 | D:5      | Reached XP level 7. HP: 47/61 MP: 6/6
  3061 | D:5      | Found a shattered altar of Ashenzari.
  3174 | D:5      | Reached skill level 5 in Armour
  3263 | D:5      | Reached skill level 7 in Axes
  3273 | D:5      | Reached skill level 1 in Dodging
  3676 | D:6      | Noticed Menkaure
  3697 | D:6      | Killed Menkaure
  3697 | D:6      | Reached XP level 8. HP: 31/70 MP: 7/7
  3971 | D:6      | Reached skill level 8 in Axes
  4021 | D:6      | Found Zixah's Food Shop.
  4251 | D:6      | Noticed Blork the orc
  4260 | D:6      | Killed Blork the orc
  4260 | D:6      | Reached skill level 9 in Axes
  4414 | D:7      | Found a staircase to the Ecumenical Temple.
  4606 | D:7      | Reached skill level 1 in Stealth
  4731 | D:7      | Reached XP level 9. HP: 53/78 MP: 8/8
  5040 | D:7      | Reached skill level 10 in Axes
  5944 | D:8      | Noticed a two-headed ogre
  6068 | D:8      | Reached skill level 11 in Axes
  6132 | D:8      | Noticed Grum
  6148 | D:8      | Killed Grum
  6154 | D:8      | Reached XP level 10. HP: 68/88 MP: 9/9
  6964 | D:9      | Noticed a two-headed ogre
  7545 | D:9      | Noticed Erolcha
  7786 | D:9      | Reached skill level 12 in Axes
  8255 | D:10     | Entered Level 10 of the Dungeon
  8638 | D:10     | Reached skill level 10 in Shields
  9385 | D:11     | Found a staircase to the Lair.
  9399 | Lair:1   | Entered Level 1 of the Lair of Beasts
  9482 | Lair:1   | Reached XP level 11. HP: 34/95 MP: 4/10
  9553 | Lair:1   | Found a labyrinth entrance.
  9568 | Lab      | Entered a labyrinth
  9994 | Lab      | Noticed tarantulino's ghost (novice SpEn)
 10454 | Lab      | HP: 1/95 [tarantulino's ghost (12)]
 10475 | Lab      | HP: 1/95 [tarantulino's ghost (4)]
 10480 | Lab      | Gained mutation: You have large cloven feet. [potion of mutation]
 10480 | Lab      | Gained mutation: Your magical capacity is low. (-10% MP) [potion of mutation]
 10480 | Lab      | Gained mutation: Your spells are a little easier to cast, but a little less powerful. [potion of mutation]
 10480 | Lab      | Gained mutation: You are resistant to hostile enchantments. (MR+) [potion of mutation]
 10482 | Lab      | Slain by tarantulino's ghost

Skill      XL: |  1  2  3  4  5  6  7  8  9 10 |
---------------+-------------------------------+-----
Shields        | 4 5 7 8 10 | 10.3
Fighting       | 4 5 6 7 8 |  8.8
Axes           | 3 4 5 6 7 9 11 12 | 12.8
Armour         | 4 5 6 8 9 |  9.6
Dodging        | 1 2 |  2.9
Stealth        | 1 |  1.0
Evocations     | |  0.3

Action                   |  1- 3 |  4- 6 |  7- 9 | 10-12 || total
-------------------------+-------+-------+-------+-------++-------
Melee: War axe           |    84 |   375 |   299 |   454 ||  1212
       Headbutt          |    13 |   105 |    60 |    70 ||   248
Evoke: Wand              |       |       |     1 |     5 ||     6
  Use: Scroll            |       |       |       |    20 ||    20
       Potion            |       |       |       |    13 ||    13
  Eat: Chunk             |       |     7 |     8 |     6 ||    21
       Fruit             |       |     1 |     2 |     1 ||     4
       Meat ration       |       |       |     1 |     2 ||     3
       Royal jelly       |       |       |       |     1 ||     1
Armor: Scale mail        |    33 |       |       |       ||    33
       Plate armour      |    18 |    95 |   153 |   221 ||   487
Dodge: Dodged            |    24 |     9 |    55 |    84 ||   172
Block: Shield            |    50 |    65 |   156 |   234 ||   505
